Selects Special Operations Battlegroup
Construct Weapon Support Center
Selects M29 Weasel with M1 Pack Howitzer
Construct Medical Station
M1918 Browning Automatic Rifles
M3 Armored Personnel Carrier
M3 Armored Personnel Carrier
M29 Weasel with M1 Pack Howitzer
Selects P-47 Anti-Infantry Loiter
Selects UNKNOWN (2162291)
Selects SSF Commando Squad
M18 Hellcat Tank Destroyer
M4(105) Sherman Bulldozer
Selects Air Re-supply Operation
M18 Hellcat Tank Destroyer
M18 Hellcat Tank Destroyer
P-47 Anti-Infantry Loiter
M18 Hellcat Tank Destroyer
P-47 Anti-Infantry Loiter
M18 Hellcat Tank Destroyer
M18 Hellcat Tank Destroyer
M3 Armored Personnel Carrier
M18 Hellcat Tank Destroyer
P-47 Anti-Infantry Loiter
M18 Hellcat Tank Destroyer
M18 Hellcat Tank Destroyer